 Dungeon Crawl Stone Soup version 0.28-a0-691-gad6df49e81 (webtiles) character file.

Game seed: 10339368886617515305

282 BigDaddyOpFi the Magician (level 6, -5/40 HPs)
             Began as a Djinni Conjurer on Oct 22, 2021.
             Was an Initiate of Qazlal.
             Slain by an orc warrior (12 damage)
             ... on level 4 of the Dungeon.
             The game lasted 00:05:03 (4201 turns).

BigDaddyOpFi the Magician (Djinni Conjurer)         Turns: 4201, Time: 00:05:03

Health: -5/40      AC:  3    Str:  6    XL:     6   Next: 54%
Gold:   110        EV: 12    Int: 21    God:    Qazlal [......] SH:  0 Dex: 12

rFire   + + .      SeeInvis .   f - +0 dagger
rCold   x . .      Faith    .   (no shield)
rNeg    . . .      Spirit   .   a - +1 robe
rPois   ∞          Reflect  .   (no helmet)
rElec   .          Harm     .   (no cloak)
rCorr   .          Rampage  .   (no gloves)
Will    .....                   (boots unavailable)
Stlth   ++........              (no amulet)
HPRegen 0.13/turn               (no ring)
MPRegen 0.00/turn               (no ring)

@: flying
A: sickness immunity, fire resistance 2, cold vulnerability 1, float, innate
caster, hp casting, extra vitality 1
a: Renounce Religion


You were on level 4 of the Dungeon.
You worshipped Qazlal.
Qazlal was noncommittal.
You visited 1 branch of the dungeon, and saw 4 of its levels.

You collected 110 gold pieces.

Inventory:

Hand Weapons
 f - a +0 dagger (weapon)
Armour
 a - a +1 robe (worn)
Scrolls
 i - 2 scrolls of identify
Potions
 e - a potion of cancellation {unknown}
 g - a potion of berserk rage {unknown}
 k - a potion of heal wounds {unknown}
 l - a potion of curing {unknown}


   Skills:
 + Level 3.0 Dodging
 + Level 2.2 Stealth
 + Level 0.1 Unarmed Combat
 + Level 5.3 Spellcasting


You couldn't memorise any spells.
You knew the following spells:

 Your Spells              Type           Power      Damage    Failure   Level
a - Magic Dart            Conj           100%       1d8       1%          1
b - Searing Ray           Conj           56%        2d6       1%          2
c - Dazzling Flash        Conj/Hex       56%        N/A       3%          3
d - Fulminant Prism       Conj/Hex       14%        3d9       12%         4
e - Iskenderun's Mystic   Conj/Tloc      28%        2d7       12%         4
f - Summon Small Mammal   Summ           100%       N/A       1%          1
g - Corpse Rot            Necr/Air       56%        N/A       1%          2
Your spell library was empty.

Dungeon Overview and Level Annotations

Branches:
Dungeon (4/15)
 Temple: D:4-7

Altars:
Qazlal


Innate Abilities, Weirdness & Mutations

You are immune to sickness and miasma.
You are immune to poison.
Your flesh is very heat resistant. (rF++)
You are vulnerable to cold. (rC-)
You float through the air rather than walking.
You learn spells naturally, not from books.
Your magical power is your life essence.
You have superior vitality. (+4 HP)


Message History

You kill the quokka!
Qazlal accepts your kill. (Press . to maintain the ray.)
* * * LOW HITPOINT WARNING * * *
You start resting.
Your extra speed is starting to run out.
You start resting.
You feel yourself slow down.
You start resting.
HP restored.
You start waiting.
Done waiting.
You start waiting.
Done waiting.
You start waiting.
Done waiting.
You fly downwards.
There is a stone staircase leading up here.
Casting: Searing Ray (safe; 1% risk of failure)
Confirm with . or Enter, or press ? or * to list all spells.
Aiming: Searing Ray (safe; 1% risk of failure)
Press: ? - help, Shift-Dir - straight line, f - orc warrior
Aim: an orc warrior, wielding a +0 mace and wearing a +0 plate armour (79% to hit)
The searing ray hits the orc warrior.
The orc warrior is lightly wounded. (Press . to maintain the ray.)
The searing ray hits the orc warrior but does no damage.
The orc warrior is lightly wounded.
The orc warrior hits you with a +0 mace!
The searing ray hits the orc warrior.
The orc warrior is lightly wounded.
The orc warrior hits you with a +0 mace!
Unknown command.
The searing ray hits the orc warrior but does no damage.
The orc warrior is lightly wounded.
You finish channelling your searing ray.
The orc warrior hits you with a +0 mace!
* * * LOW HITPOINT WARNING * * *
The orc warrior hits you with a +0 mace!
You die...

#................
#..................
...... .......... ...#
#...# #...# ...#
...###...###...##..)####
................+.....<#
.........§≈§....#......#
.......§.......o#....>.#
....##...§§≈...#@.#
....##..†≈≈..######
..........§..#
............)#
............##
...............
######.#...#### #######


You could see an orc warrior.

Vanquished Creatures
  A water moccasin zombie (D:4)
  A scorpion (D:4)
  3 gnolls (D:2)
  6 adders
  4 worms
  A dart slug (D:4)
  4 bats
  4 endoplasms
  6 giant cockroaches
  8 hobgoblins
  3 jackals (D:3)
  3 quokkas
  6 ball pythons
  2 frilled lizards (D:2)
  8 goblins
  7 kobolds
  5 rats (D:3)
72 creatures vanquished.

Vanquished Creatures (collateral kills)
  An endoplasm (D:3)
  A jackal (D:3)
2 creatures vanquished.

Grand Total: 74 creatures vanquished

Notes
Turn   | Place    | Note
-------+----------+-------------------------------------------
     0 | D:1      | BigDaddyOpFi the Djinni Conjurer began the quest for the
                  | Orb.
     0 | D:1      | Reached XP level 1. HP: 15/15 MP: 0/0
   290 | D:1      | Reached XP level 2. HP: 20/21 MP: 0/0
   622 | D:2      | Reached XP level 3. HP: 13/25 MP: 0/0
   622 | D:2      | Learned a level 1 spell: Summon Small Mammal
   702 | D:2      | Reached skill level 4 in Spellcasting
  1048 | D:2      | Reached XP level 4. HP: 29/31 MP: 0/0
  1515 | D:2      | Reached XP level 5. HP: 26/35 MP: 0/0
  1515 | D:2      | Learned a level 2 spell: Corpse Rot
  2469 | D:3      | Found a faded altar of an unknown god.
  3299 | D:4      | Reached skill level 5 in Spellcasting
  3299 | D:4      | Reached XP level 6. HP: 20/40 MP: 0/0
  3470 | D:4      | Found a stormy altar of Qazlal.
  3506 | D:4      | Became a worshipper of Qazlal Stormbringer
  3558 | D:4      | Noticed an orc warrior
  3568 | D:4      | HP: 2/40 [orc warrior (16)]
  4201 | D:4      | Slain by an orc warrior

Illustrated notes

Levels and vault maps discovered:
D:1:      ncdulo_watergridlock, layout_basic
D:2:      layout_basic
D:3:      layout_basic, shapermc_ecumenical_altar_totnotflames
D:4:      layout_gridville, nicolae_qazlal_scattered_showers,
          nicolae_tso_carved_into_rock, gammafunk_ghost_cemetery,
          guppyfry_early_orc_mine

Skill      XL: |  1  2  3  4  5  6 |
---------------+-------------------+-----
Spellcasting   | 4 5 |  5.3
Dodging        | 3 |  3.0
Stealth        | 2 |  2.2
Unarmed Combat | |  0.1

Action                   |  1- 3 |  4- 6 || total
-------------------------+-------+-------++-------
Melee: Unarmed           |     1 |       ||     1
       Dagger            |       |     9 ||     9
 Cast: Magic Dart        |    53 |    97 ||   150
       Searing Ray       |       |    14 ||    14
       Summon Small Mamm |       |     7 ||     7
       Corpse Rot        |       |     3 ||     3
  Use: Scroll            |       |     5 ||     5
       Potion            |       |     1 ||     1
Armor: Robe              |     1 |    12 ||    13
Dodge: Dodged            |     3 |    34 ||    37

Table legend: (Time is in decaauts)
 A = Elapsed time spent in this place.
 B = Non-inter-level travel time spent in this place.
 C = Inter-level travel time spent in this place.
 D = Time resting spent in this place.
 E = Time spent auto-exploring this place.
 F = Levels seen in this place.
 G = Mean time per level.
                   A        B        C        D        E       F      G
               +--------+--------+--------+--------+--------+-----+--------+
         Total |   4182 |   4144 |     38 |    602 |   3133 |   4 | 1045.5 |
       Dungeon |   4182 |   4144 |     38 |    602 |   3133 |   4 | 1045.5 |
               +--------+--------+--------+--------+--------+-----+--------+

Top non-repeatable levels by time:
     D:3: 2078 daAuts
     D:2: 1267 daAuts
     D:1: 541 daAuts
     D:4: 295 daAuts
